AoeStats
← Jokerwin

Nomad

507876936Analyzed
4v4 RM · 11d ago on Sep 20, 2026· 53m 6s· 8 players
Game mode
Random Map
Map size
231×231
Population
200
Speed
Normal
Resources
Standard
Victory
Conquest
Starting age
Dark Age
Ending age
Imperial Age
RankedLock teamsTeams togetherTeam positionsShared explorationLock speedFull tech treeHidden civsTurbo modeCheats
Victory
Defeat
🇪🇸 Spanish · Spain
1320
+14
🇦🇷 Gurjaras · Argentina
1302
+14
🇦🇷 Koreans · Argentina
1289
+15
🇧🇷 Inca · Brazil
1218
+18
🇨🇳 Huns · China
1321
-18
🇨🇳 Vietnamese · China
1261
-15
🇨🇳 Jurchens · China
1258
-15
🇨🇳 Berbers · China
1223
-13
我来助你
3:59 Loom
13:07 Feudal Age
17:13 Castle Age
15:42 Double-Bit Axe
16:15 Scale Barding Armor
16:11 Horse Collar
17:08 Forging
17:21 Gold Mining
22:32 Husbandry
24:26 Bloodlines
25:07 Chain Barding Armor
25:28 Iron Casting
38:03 Light Cavalry
41:03 Wheelbarrow
42:16 Heavy Plow
45:25 Bow Saw
Ironbelly
4:31 Loom
13:14 Feudal Age
18:02 Castle Age
25:21 Wheelbarrow
28:30 Double-Bit Axe
29:55 Scale Barding Armor
35:50 Horse Collar
36:53 Husbandry
37:03 Bloodlines
41:03 Heavy Plow
44:34 Padded Archer Armor
49:09 Thumb Ring
53:31 Bow Saw
datouyu
3:18 Loom
14:28 Feudal Age
19:54 Castle Age
18:15 Double-Bit Axe
19:02 Arson
19:17 Horse Collar
21:16 Bow Saw
22:26 Squires
52:54 Imperial Age
51:00 Wheelbarrow
53:14 Wheelbarrow
六个六
4:57 Loom
14:24 Feudal Age
15:46 Fishing Lines
19:29 Castle Age
18:04 Double-Bit Axe
18:19 Stone Mining
21:14 Fletching
21:38 Bow Saw
24:36 Gillnets
24:59 Gold Mining
26:53 Wheelbarrow
27:39 Padded Archer Armor
28:53 Bodkin Arrow
34:32 Imperial Age
36:34 Elite Rattan Archer
37:33 Leather Archer Armor
38:04 Bracer
40:14 Chemistry
39:35 Ballistics
40:37 Ring Archer Armor
43:15 Paper Money
49:32 Elite Fire Lancer
49:59 Arson
51:41 Squires
51:48 Scale Mail Armor
51:59 Forging
ShadowVow
5:22 Loom
14:04 Feudal Age
19:06 Castle Age
17:31 Stone Mining
18:02 Double-Bit Axe
18:46 Horse Collar
24:23 Fishing Lines
33:43 Imperial Age
32:53 Wheelbarrow
33:30 Padded Archer Armor
35:10 Conscription
35:08 Leather Archer Armor
37:15 Fletching
41:16 Ring Archer Armor
40:41 Bodkin Arrow
50:10 Elite Conquistador
Mat
3:15 Loom
15:06 Feudal Age
20:19 Castle Age
19:59 Scale Barding Armor
21:55 Forging
21:49 Husbandry
22:26 Bloodlines
24:01 Horse Collar
24:07 Double-Bit Axe
25:50 Heavy Plow
26:02 Bow Saw
27:33 Wheelbarrow
27:42 Kshatriyas
30:41 Gold Mining
32:08 Hand Cart
35:23 Iron Casting
35:16 Chain Barding Armor
42:14 Imperial Age
43:00 Elite Shrivamsha Rider
44:47 Plate Barding Armor
47:52 Heavy Camel Rider
50:58 Conscription
Jokerwin
6:04 Loom
13:59 Feudal Age
14:25 Double-Bit Axe
15:30 Fletching
16:25 Town Watch
22:57 Castle Age
24:48 Wheelbarrow
24:13 Bodkin Arrow
41:22 Forging
45:19 Squires
Brandt9700
3:56 Loom
12:41 Feudal Age
13:21 Double-Bit Axe
14:56 Fletching
18:03 Padded Archer Armor
20:13 Horse Collar
20:25 Gold Mining
21:34 Champi Runner
23:16 Wheelbarrow
27:08 Castle Age
27:33 Crossbowman
28:09 Bodkin Arrow
29:56 Gold Shaft Mining
31:19 Leather Archer Armor
31:33 Bow Saw
32:56 Heavy Plow
33:40 Stone Mining
35:36 Hand Cart
37:44 Thumb Ring
40:07 Ballistics
43:51 Imperial Age
41:36 Forging
41:26 Scale Mail Armor
43:55 Elite Kamayuk
44:36 Fabric Shields
44:56 Conscription
44:01 Arbalester
45:21 Chain Mail Armor
45:41 Iron Casting
46:03 Crop Rotation
46:09 Stone Shaft Mining
48:14 Hoardings
49:14 Chemistry
47:54 Treadmill Crane
48:24 Capped Ram
50:00 Squires
49:46 Arson
50:30 Andean Sling
52:22 Murder Holes
53:46 Plate Mail Armor
54:16 Blast Furnace
Connection lost

Rejoining the realm…

Still unreachable

The connection could not be restored.

Session expired

The server has moved on; the page needs a fresh start.